 Dungeon Crawl Stone Soup version 0.25.0-46-gbd7b0854d2 (console) character file.

Game seed: 8101465980847201051

65 Colgate the Magician (level 3, -1/19 HPs)
             Began as a Deep Elf Air Elementalist on July 12, 2020.
             Slain by Terence
             ... wielding a +0 flail
              (2 damage)
             ... on level 2 of the Dungeon on July 13, 2020.
             The game lasted 00:39:07 (1495 turns).

Colgate the Magician (Deep Elf Air Elementalist)    Turns: 1495, Time: 00:39:08

Health: -1/19      AC:  3    Str:  5    XL:     3   Next: 94%
Magic:  1/10       EV: 13    Int: 20    God:
Gold:   69         SH:  0    Dex: 15    Spells: 4/10 levels left

rFire    . . .     SeeInvis .   p - -2 hunting sling (curse)
rCold    . . .     Gourm    .   (no shield)
rNeg     . . .     Faith    .   a - +0 robe
rPois    .         Spirit   .   (no helmet)
rElec    .         Reflect  .   d - +0 cloak
rCorr    .         Harm     .   (no gloves)
MR       .....                  (no boots)
Stlth    ++........             (no amulet)
HPRegen  0.06/turn              (no ring)
MPRegen  0.12/turn              (no ring)

@: very slightly contaminated
A: no striking features
a: no special abilities


You were on level 2 of the Dungeon.
You were not hungry.

You visited 1 branch of the dungeon, and saw 2 of its levels.

You collected 69 gold pieces.

Inventory:

Hand Weapons
 j - a +0 club
 k - a +0 whip
 m - a +0 spear
 p - a cursed -2 hunting sling (weapon)
Missiles
 b - 36 sling bullets
 g - 105 stones
 h - 6 boomerangs
 s - 4 poisoned darts (quivered)
Armour
 a - a +0 robe (worn)
 d - a +0 cloak (worn)
 q - a +0 leather armour
Scrolls
 e - 2 scrolls of identify {unknown}
 i - a scroll of remove curse {unknown}
 l - a scroll of fog {unknown}
 n - a scroll of blinking {unknown}
 t - a scroll of enchant armour {unknown}
Potions
 o - a potion of degeneration {unknown}
 r - a potion of heal wounds {unknown}
Comestibles
 c - 2 rations


   Skills:
 - Level 2.4 Dodging
 - Level 2.4 Stealth
 - Level 4.2 Spellcasting
 + Level 1.8 Conjurations
 - Level 4.0 Air Magic


You had 4 spell levels left.
You knew the following spells:

 Your Spells              Type           Power        Failure   Level  Hunger
a - Shock                 Conj/Air       ###.         3%          1    None
b - Swiftness             Chrm/Air       ##......     9%          2    #......
c - Static Discharge      Conj/Air       ###.....     11%         3    ###....

Your spell library contained the following spells:

 Spells                   Type           Power        Failure   Level  Hunger
 Airstrike                Air            ###.......   24%         4    ####...
 Lightning Bolt           Conj/Air       ###.......   71%         5    ######.


Dungeon Overview and Level Annotations

Branches:
Dungeon (2/15)

Altars:
Uskayaw

Annotations:
D:2 Terence


Message History

Press: ? - help, Shift-Dir - straight line, f/p - Terence
Aim: Terence, wielding a +0 flail and wearing a +0 scale mail (moderately wounded, poisoned)
You throw a poisoned dart.
The poisoned dart closely misses Terence.
Terence completely misses you.
Throwing (i - inventory. (/) - cycle)
s - 6 poisoned darts (quivered)
Press: ? - help, Shift-Dir - straight line, f/p - Terence
Aim: Terence, wielding a +0 flail and wearing a +0 scale mail (moderately wounded, poisoned)
You throw a poisoned dart. The poisoned dart hits Terence.
Terence looks even sicker.
Terence is moderately wounded.
Terence hits you with a +0 flail.
* * * LOW HITPOINT WARNING * * *
Okay, then.
Throwing (i - inventory. (/) - cycle)
s - 5 poisoned darts (quivered)
Press: ? - help, Shift-Dir - straight line, f/p - Terence
Aim: Terence, wielding a +0 flail and wearing a +0 scale mail (heavily wounded, very poisoned)
You throw a poisoned dart.
The poisoned dart closely misses Terence.
Terence hits you with a +0 flail.
You die...

#####.##.#.#...#.
#..........+...'. #+#
#.###.##.#.#...## #.#
#..........#...#
#.###..###.#.......#
##.#..........###.## #
#......##.#........ #.
#......##.###.### ##
#>###.............#
#..........##..####
###......@.##..##########
#.......@.........#...#
#...#####.#..####.#.#.#
#...#.((#.<.....#...#.##
###.#...#...##.######...
##.#####...(..# #...
#........##.##### #...
#...._...##.....# #...
#.#.....#######.####...
#...........)..........
###############.#####..


You could see Terence (very poisoned) and 2 dancing weapons.

Vanquished Creatures
  3 adders (D:2)
  2 worms (D:2)
  A dart slug (D:1)
  2 leopard geckos
  4 bats (D:1)
  4 giant cockroaches
  3 hobgoblins (D:1)
  2 jackals (D:1)
  3 kobolds (D:2)
  A ball python (D:2)
  A frilled lizard (D:1)
  5 rats
31 creatures vanquished.

Notes
Turn   | Place    | Note
-------+----------+-------------------------------------------
     0 | D:1      | Colgate the Deep Elf Air Elementalist began the quest for
                  | the Orb.
     0 | D:1      | Reached XP level 1. HP: 10/10 MP: 6/6
   239 | D:1      | Reached XP level 2. HP: 15/15 MP: 5/8
   244 | D:1      | Learned a level 2 spell: Swiftness
  1005 | D:2      | Reached XP level 3. HP: 19/19 MP: 7/10
  1040 | D:2      | Learned a level 3 spell: Static Discharge
  1383 | D:2      | Noticed a +0 dagger
  1383 | D:2      | Noticed a +0 hand axe
  1384 | D:2      | Found a hide-covered altar of Uskayaw.
  1461 | D:2      | Noticed Terence
  1495 | D:2      | Slain by Terence

Illustrated notes

Levels and vault maps discovered:
D:1:      lemuel_arrival_funnel, layout_loops_ring
D:2:      layout_basic, marbit_many_paths, dancing_weapons_uskayaw, uniq_terence

Skill      XL: |  1  2  3 |
---------------+----------+-----
Air Magic      | 4 |  4.0
Spellcasting   | 4 |  4.2
Dodging        | |  2.4
Stealth        | |  2.4
Conjurations   | |  1.8

Action                   || total
-------------------------++-------
Melee: Unarmed           ||     1
Throw: Boomerang         ||    13
       Dart              ||     5
 Cast: Shock             ||    65
       Static Discharge  ||     2
       Swiftness         ||     1
 Stab: Sleeping          ||     1
  Eat: Chunk             ||     2
Armor: Robe              ||    11
Dodge: Dodged            ||    27
